 Dungeon Crawl Stone Soup version 0.30-a0-989-g0d87f670db (webtiles) character file.

Game seed: 4049605770983696754

663 Dirtsage the Chopper (level 7, -6/35 HPs)
             Began as a Vine Stalker Fighter on Mar 31, 2023.
             Mangled by an ogre
             ... wielding a +0 giant club
              (23 damage)
             ... on level 5 of the Dungeon on Apr 3, 2023.
             The game lasted 00:06:28 (3043 turns).

Dirtsage the Chopper (Vine Stalker Fighter)         Turns: 3043, Time: 00:06:28

Health: -6/35      AC:  8    Str: 21    XL:     7   Next: 56%
Magic:  0/8        EV:  9    Int:  8    God:
Gold:   221        SH:  4    Dex: 13    Spells: 6/6 levels left

rFire   . . .      SeeInvis .    a - +0 war axe
rCold   . . .      Faith    .    c - +0 buckler
rNeg    . . .      Spirit   +    b - +0 scale mail
rPois   .          Reflect  .    w - +0 helmet
rElec   .          Rampage  .    (no cloak)
rCorr   .                        (no gloves)
Will    .....                    u - +0 pair of boots Stlth
                                 p - amulet of magic regeneration
HPRegen 1.05/turn                (no ring)
MPRegen 0.51/turn                (no ring)

@: no status effects
A: fangs 2, regeneration 1, magic shield, antimagic bite, no potion heal 2
a: no special abilities


You were on level 5 of the Dungeon.
You visited 1 branch of the dungeon, and saw 5 of its levels.

You collected 221 gold pieces.

Inventory:

Hand Weapons
 a - a +0 war axe (weapon)
Armour
 b - a +0 scale mail (worn)
 c - a +0 buckler (worn)
 u - a +0 pair of boots (worn)
 w - a +0 helmet (worn)
Jewellery
 p - an amulet of magic regeneration (around neck)
Wands
 t - a wand of roots (7)
Scrolls
 e - 2 scrolls of enchant weapon {unknown}
 g - a scroll of immolation {unknown}
 j - 3 scrolls of brand weapon {unknown}
 k - a scroll of amnesia {unknown}
 l - 2 scrolls of enchant armour {unknown}
 m - 2 scrolls of identify {unknown}
 q - a scroll of magic mapping {unknown}
 x - a scroll of poison {unknown}
 y - a scroll of blinking {unknown}
 z - a scroll of noise {unknown}
Potions
 d - a potion of might
 f - 2 potions of mutation {unknown}
 h - 2 potions of flight {unknown}
 i - 2 potions of berserk rage {unknown}
 n - 2 potions of attraction {unknown}
 o - a potion of heal wounds {unknown}
 r - 2 potions of curing {unknown}
 s - a potion of magic {unknown}
 v - a potion of invisibility {unknown}
 A - a potion of degeneration {unknown}


   Skills:
 - Level 2.6 Fighting
 + Level 7.5 Axes
 - Level 2.4 Armour
 - Level 2.6 Shields


You had 6 spell levels left.
You didn't know any spells.
Your spell library was empty.

Dungeon Overview and Level Annotations

Branches:
Dungeon (5/15)
 Temple: D:4-7

Altars:
Vehumet

Shops:
D:3 (


Innate Abilities, Weirdness & Mutations

You have extremely sharp teeth.
Your natural rate of healing is unusually fast.
When hurt, damage is shared between your health and your magic reserves.
Your bite disrupts and absorbs the magic of your enemies.
Potions cannot restore your health.


Message History

No target in view!
There is an open door here.
You open the door.
There is an open door here.
A white imp comes into view.
The white imp shouts!
An ogre comes into view. It is wielding a +0 giant club.
Health restored: 35 The ogre shouts!
The white imp gestures at you. The puff of frost hits you!
You take 9 damage, and have 26/35 hp.
MASSIVE DAMAGE!!
You now have 5/8 mp.
There is an open door here.
MP restored: 8 The white imp disappears for a moment.
Health restored: 35 You hit the ogre but do no damage.
You bite the ogre. You drain its power.
The ogre is lightly wounded.
The ogre barely misses you.
You slash the ogre! Your bite misses the ogre.
The ogre is moderately wounded.
You block the ogre's attack.
You hit the ogre.
The ogre is heavily wounded.
The ogre hits you with a +0 giant club!
You take 9 damage, and have 26/35 hp.
MASSIVE DAMAGE!!
You now have 5/8 mp.
You barely miss the ogre. You bite the ogre! You drain its power.
You feel invigorated.
The ogre is severely wounded.
You regained 2 hp, and now have 28/35 hp.
MP restored: 8 You closely miss the ogre.
The ogre is severely wounded.
The ogre hits you with a +0 giant club!
You take 12 damage, and have 16/35 hp.
MASSIVE DAMAGE!!
You now have 4/8 mp.
You hit the ogre but do no damage.
The ogre is severely wounded.
The ogre hits you with a +0 giant club!!
Ouch! That really hurt!
You die...

.##........#
..'........#####
.##......[.#...#
.##........#...#
.##........#...#####.#.
...........'...'.......
.##........#...#####+####
.##........#...####.....#
...........+...'@O5.....+
.###########...####.....#
.#....# #...# #.....##
##....# ##### #......#
#....# #...5..# #....#
#......# ##....#
######..# ##....# .?..#
......# ##.#...


You could see an ogre and a white imp.

Vanquished Creatures
  Sigmund (D:5)
  An ice beast (D:5)
  An ogre (D:5)
  A jelly (D:5)
  A gnoll bouda (D:5)
  An iguana (D:5)
  A sleepcap (D:4)
  Natasha (twice) (D:4)
  4 gnolls (D:5)
  5 adders
  2 shadow imps (D:5)
  A white imp (D:5)
  3 worms (D:2)
  2 dart slugs (D:1)
  4 orcs
  2 bats
  6 endoplasms
  3 giant cockroaches
  5 goblins
  3 hobgoblins
  6 kobolds
  A quokka (D:3)
  10 ball pythons
  A frilled lizard (D:2)
  3 rats
70 creatures vanquished.

Notes
Turn   | Place    | Note
-------+----------+-------------------------------------------
     0 | D:1      | Dirtsage the Vine Stalker Fighter began the quest for the
                  | Orb.
     0 | D:1      | Reached XP level 1. HP: 11/11 MP: 2/2
    53 | D:1      | Reached skill level 2 in Axes
   161 | D:1      | Reached XP level 2. HP: 16/16 MP: 3/3
   316 | D:1      | Reached skill level 3 in Axes
   697 | D:2      | Reached XP level 3. HP: 13/19 MP: 4/4
  1646 | D:3      | Found a radiant altar of Vehumet.
  1661 | D:3      | Gained mutation: Your natural rate of healing is unusually
                  | fast. [Vine Stalker growth]
  1661 | D:3      | Reached XP level 4. HP: 14/23 MP: 5/5
  1661 | D:3      | Upgraded the game from 0.30-a0-972-gf3ab3527aa to
                  | 0.30-a0-989-g0d87f670db
  1670 | D:3      | Found Zulept's Antique Weapon Emporium.
  1722 | D:3      | Reached skill level 4 in Axes
  2560 | D:4      | Noticed Natasha
  2567 | D:4      | Killed Natasha
  2568 | D:4      | Reached XP level 5. HP: 27/27 MP: 6/6
  2618 | D:4      | Noticed Natasha
  2630 | D:4      | Killed Natasha
  2631 | D:4      | Reached skill level 5 in Axes
  2684 | D:5      | Entered Level 5 of the Dungeon
  2684 | D:5      | Noticed an ice beast
  2688 | D:5      | Killed an ice beast
  2689 | D:5      | Reached XP level 6. HP: 32/32 MP: 7/7
  2791 | D:5      | Noticed Sigmund
  2804 | D:4      | Reached skill level 6 in Axes
  2816 | D:5      | Killed Sigmund
  2817 | D:5      | Reached XP level 7. HP: 35/35 MP: 8/8
  2839 | D:5      | Reached skill level 7 in Axes
  3043 | D:5      | Mangled by an ogre

Illustrated notes

Levels and vault maps discovered:
D:1:      mrwooster_arrival_arrow, layout_basic, nrook_mini_backslash,
          minmay_tromino_v4_b
D:2:      layout_loops_ring, kennysheep_generic_room_15
D:3:      layout_basic, nicolae_vehumet_altar_sigil, serial_shops, shop,
          chequers_serial_rivers_small_b, st_stairs_1, nicolae_titane
D:4:      layout_gridville, minmay_fountain_box, uniq_natasha
D:5:      layout_basic, nicolae_elevator_lobby_plus, uniq_sigmund

Skill      XL: |  1  2  3  4  5  6  7 |
---------------+----------------------+-----
Axes           | 2 3 4 5 6 7 |  7.5
Fighting       | |  2.6
Armour         | |  2.4
Shields        | |  2.6

Action                     |  1- 3 |  4- 6 |  7- 9 || total
---------------------------+-------+-------+-------++-------
  Melee: War axe           |    81 |    85 |    34 ||   200
         Bite              |    13 |    21 |    10 ||    44
 Armour: Scale mail        |    38 |    35 |     8 ||    81
  Dodge: Dodged            |    35 |    25 |    14 ||    74
  Block: Buckler           |    11 |    19 |     8 ||    38

Table legend: (Time is in decaauts)
 A = Elapsed time spent in this place.
 B = Non-inter-level travel time spent in this place.
 C = Inter-level travel time spent in this place.
 D = Time resting spent in this place.
 E = Time spent auto-exploring this place.
 F = Levels seen in this place.
 G = Mean time per level.
                   A        B        C        D        E       F      G
               +--------+--------+--------+--------+--------+-----+--------+
         Total |   3107 |   2972 |    135 |     20 |   2432 |   5 |  621.4 |
       Dungeon |   3107 |   2972 |    135 |     20 |   2432 |   5 |  621.4 |
               +--------+--------+--------+--------+--------+-----+--------+

Top non-repeatable levels by time:
     D:2: 803 daAuts
     D:3: 736 daAuts
     D:1: 682 daAuts
     D:4: 525 daAuts
     D:5: 359 daAuts
